 Dungeon Crawl Stone Soup version 0.19-a0-1587-gaef70b6 (webtiles) character file.

17376 dobroeutro the Basher (level 12, -11/78 HPs)
             Began as a Gargoyle Fighter on Sept 16, 2016.
             Was a High Priest of Okawaru.
             Killed from afar by a frost giant (41 damage)
             ... with a bolt of cold
             ... in an ice cave.
             The game lasted 00:26:42 (11044 turns).

dobroeutro the Basher (Gargoyle Fighter)           Turns: 11044, Time: 00:26:42

Health: -11/78     AC: 25    Str: 28    XL:     12   Next: 47%
Magic:  10/12      EV: 20    Int:  8    God:    Okawaru [*****.]
Gold:   643        SH: 18    Dex: 19    Spells: 0 memorised, 11 levels left

rFire  . . .     SeeInvis .     v - +2 flail (crush)
rCold  . . .     Gourm    .     b - +0 scale mail
rNeg   + . .     Faith    .     c - +0 shield
rPois  ∞         Spirit   .     o - +1 helmet
rElec  +         Dismiss  .     O - +0 cloak
rCorr  .         Reflect  +     r - +0 pair of gloves
MR     .....     Harm     .     (no boots)
Stlth  ++........               H - +3 amulet of reflection
                                M - +4 ring of dexterity
                                e - +6 ring of strength

@: heroism
A: agile 1, blurry vision 1, negative energy resistance 1, shaggy fur 1,
electricity resistance, unbreathing, petrification resistance, no device heal 1,
rot immunity, AC +8
a: Heroism, Finesse, Renounce Religion


You were in an ice cave.
You worshipped Okawaru.
Okawaru was extremely pleased with you.
You were not hungry.

You visited 2 branches of the dungeon, and saw 12 of its levels.
You also visited: Ice Cave.

You collected 710 gold pieces.
You spent 67 gold pieces at shops.

Inventory:

Hand Weapons
 v - a +2 flail of crushing (weapon)
Armour
 b - a +0 scale mail (worn)
 c - a +0 shield (worn)
 o - a +1 helmet (worn)
 r - a +0 pair of gloves (worn)
 O - a +0 cloak (worn)
Jewellery
 e - a +6 ring of strength (left hand)
 t - an uncursed amulet of regeneration
 H - a +3 amulet of reflection (around neck)
 M - a +4 ring of dexterity (right hand)
 S - an uncursed amulet of guardian spirit {unknown}
Wands
 a - a wand of polymorph (8/24)
 x - a wand of random effects (47/48)
 y - a wand of flame (7/48)
 C - a wand of confusion (23/48)
 J - a wand of confusion (20/48)
 Q - a wand of paralysis (12/24)
 R - a wand of iceblast (6/15)
 T - a wand of paralysis (20/24)
Scrolls
 l - 2 scrolls of fog
 m - 3 scrolls of enchant weapon
 n - a scroll of blinking
 s - 2 scrolls of teleportation
 w - a scroll of enchant armour
 z - 2 scrolls of amnesia
 B - a scroll of identify
 E - 3 scrolls of remove curse
Potions
 d - a potion of might
 g - 2 potions of brilliance
 i - a potion of mutation {unknown}
 j - 5 potions of curing
 k - 2 potions of ambrosia
 p - 5 potions of heal wounds
 F - a potion of haste {unknown}
 G - 3 potions of magic {unknown}
 I - a potion of flight {unknown}
 K - 4 potions of cancellation {unknown}
 L - a potion of agility
 N - a potion of invisibility {unknown}
Comestibles
 f - 9 bread rations
 h - 11 meat rations
 q - 7 fruits
 u - 2 beef jerkies
 A - 9 royal jellies
 D - 9 slices of pizza
 P - 15 chunks of flesh


   Skills:
 + Level 10.3(15.3) Fighting
 + Level 11.0(16.0) Maces & Flails
 + Level 9.9(14.9) Armour
 + Level 7.0(12.0) Dodging
 + Level 9.7(14.7) Shields


You had 11 spell levels left.
You didn't know any spells.

Dungeon Overview and Level Annotations

Branches:
Dungeon (11/15)            Temple (1/1) D:6            Lair (0/6) D:10
    Orc (0/2) D:10

Altars:
Ashenzari
Dithmenos
Elyvilon
Fedhas
Gozag
Hepliaklqana
Kikubaaqudgha
Makhleb
Nemelex Xobeh
Okawaru
Qazlal
Ru
Sif Muna
Trog
Uskayaw
Vehumet
Xom
Yredelemnul
Zin
The Shining One

Shops:
D:10 *   D:11 }

Annotations:
D:2 Sigmund


Innate Abilities, Weirdness & Mutations

You are resistant to torment.
Your stone body is resilient. (AC +8)
You are immune to poison.
You resist negative energy. (rN+)
You are resistant to electric shocks. (rElec)
You can survive without breathing.
You are immune to petrification.
You are immune to rotting.
You are agile. (Dex +2)
Scrolls take you a little longer to read.
You are covered in fur. (AC +1)
Potions and wands are less effective at restoring your health.


Message History

The frost giant is lightly wounded.
The frost giant hits you with a battleaxe of freezing!
The frost giant freezes you.
You thump the frost giant!
The frost giant is moderately wounded.
You hit the frost giant.
The frost giant is moderately wounded.
The frost giant misses you.
You hit the frost giant.
The frost giant is moderately wounded.
You sock the frost giant!
The frost giant is heavily wounded.
The frost giant gestures at you while chanting.
The bolt of cold hits you!
You hit the frost giant but do no damage.
The frost giant is heavily wounded.
The frost giant casts a spell at you. The bolt of cold hits you!
Ouch! That really hurt!
You die...

##### ####...###
###....#...##
##....†####..###
##.....#####..##C
....#####.#.###.†###
...## #.⌠...###C.#
.### ##...#.#@###
######## ######.##
.##....### ###
#÷...#...###
#######....###
####...## ##...####
## ##.....## .#
##.....#.##


You could see a frost giant.

Vanquished Creatures
  A centaur warrior (D:8)
  Erica (D:8)
  A death yak (IceCv)
  A hill giant (D:10)
  Psyche (D:9)
  An ice statue (IceCv)
  A black mamba (shapeshifter) (D:11)
  A gargoyle (D:10)
  A rime drake (IceCv)
  16 polar bears (IceCv)
  A queen bee (D:9)
  A hippogriff (D:9)
  A spriggan (D:8)
  19 yaks (IceCv)
  A wyvern (D:9)
  Eustachio (D:6)
  Menkaure (D:7)
  A black bear (D:10)
  3 ice beasts
  5 orc warriors
  Purgy (D:4)
  2 phantoms (D:8)
  6 ogres
  A sky beast (D:8)
  15 wolves (IceCv)
  4 centaurs
  A big kobold (D:11)
  5 bullfrogs
  20 killer bees
  4 crimson imps
  A quasit (D:10)
  6 hounds
  2 jellies
  5 bullfrog skeletons
  2 centaur zombies (D:4)
  A human zombie (D:6)
  3 orc priests
  10 orc wizards
  A gnoll shaman (D:6)
  A centaur skeleton (D:5)
  3 iguanas
  Natasha (thrice) (D:2)
  5 worker ants
  2 hound zombies
  2 hound skeletons
  2 howler monkey zombies (D:4)
  A worker ant zombie (D:10)
  Robin (D:2)
  12 gnolls
  6 adders
  4 shadow imps
  13 white imps
  3 oozes
  2 adder zombies
  2 worms
  2 dart slugs
  5 leopard geckos
  48 orcs
  2 ball pythons
  12 bats
  7 giant cockroaches
  19 goblins
  11 hobgoblins
  8 jackals
  8 kobolds
  6 quokkas
  A ball python zombie (D:4)
  6 frilled lizards
  3 giant cockroach zombies (D:4)
  A goblin skeleton (D:6)
  3 goblin zombies (D:7)
  4 hobgoblin zombies (D:7)
  3 jackal zombies
  2 kobold zombies (D:7)
  A leopard gecko skeleton (D:4)
  A leopard gecko zombie (D:4)
  An orc skeleton (D:7)
  An orc zombie (D:7)
  A quokka skeleton (D:5)
  2 quokka zombies
  12 rats
  A bush (D:1)
  A plant (D:1)
383 creatures vanquished.

Vanquished Creatures (others)
  A wizard (D:9)
  A kobold (D:11)
  A plant (D:11)
3 creatures vanquished.

Grand Total: 386 creatures vanquished

Notes
Turn   | Place    | Note
-------+----------+-------------------------------------------
     0 | D:1      | dobroeutro the Gargoyle Fighter began the quest for the Orb.
     0 | D:1      | Reached XP level 1. HP: 14/14 MP: 1/1
   449 | D:1      | Reached XP level 2. HP: 19/19 MP: 2/2
   501 | D:1      | Reached skill level 3 in Maces & Flails
   644 | D:1      | Reached XP level 3. HP: 21/23 MP: 3/3
   918 | D:1      | Reached skill level 4 in Maces & Flails
   923 | D:1      | Reached XP level 4. HP: 28/28 MP: 4/4
  1297 | D:2      | Found a deep blue altar of Sif Muna.
  1333 | D:2      | Noticed Robin
  1366 | D:2      | Killed Robin
  1434 | D:2      | Noticed Natasha
  1445 | D:2      | Killed Natasha
  1445 | D:2      | Reached skill level 5 in Maces & Flails
  1445 | D:2      | Reached XP level 5. HP: 7/32 MP: 5/5
  1493 | D:2      | Noticed Natasha
  1798 | D:2      | Killed Natasha
  1952 | D:2      | Noticed Sigmund
  2370 | D:3      | Found a burning altar of Makhleb.
  2478 | D:3      | Reached skill level 6 in Maces & Flails
  2503 | D:3      | Reached XP level 6. HP: 37/37 MP: 6/6
  3516 | D:2      | Noticed Natasha
  3520 | D:2      | Killed Natasha
  3657 | D:4      | Reached skill level 7 in Maces & Flails
  3701 | D:4      | Noticed Purgy
  3861 | D:4      | Reached XP level 7. HP: 9/41 MP: 7/7
  3984 | D:4      | Reached skill level 1 in Dodging
  4249 | D:4      | Killed Purgy
  4279 | D:5      | Entered Level 5 of the Dungeon
  4295 | D:5      | Reached XP level 8. HP: 48/48 MP: 8/8
  4410 | D:5      | Found a glowing silver altar of Zin.
  4743 | D:5      | Found an opulent altar of Gozag.
  4800 | D:5      | Found a shimmering altar of Xom.
  5046 | D:6      | Found a staircase to the Ecumenical Temple.
  5064 | Temple   | Entered the Ecumenical Temple
  5123 | Temple   | Became a worshipper of Warmaster Okawaru
  5152 | D:6      | Noticed Eustachio
  5215 | D:6      | Killed Eustachio
  5215 | D:6      | Reached skill level 8 in Maces & Flails
  5215 | D:6      | Reached skill level 5 in Armour
  5234 | D:6      | Found a radiant altar of Vehumet.
  5257 | D:6      | Reached skill level 5 in Fighting
  5264 | D:6      | Reached skill level 5 in Shields
  5343 | D:6      | Reached * piety under Okawaru
  5343 | D:6      | Reached XP level 9. HP: 54/54 MP: 9/9
  5568 | D:6      | Found an ancient bone altar of Kikubaaqudgha.
  5571 | D:6      | Found a blossoming altar of Fedhas.
  5648 | D:6      | Found a runed door.
  5668 | D:6      | Found a basalt altar of Yredelemnul.
  5867 | D:7      | Noticed Menkaure
  5877 | D:7      | Killed Menkaure
  5894 | D:7      | Found a glowing golden altar of the Shining One.
  6076 | D:7      | Found a stormy altar of Qazlal.
  6336 | D:8      | Reached ** piety under Okawaru
  6526 | D:8      | Noticed a centaur warrior
  6531 | D:8      | Killed a centaur warrior
  6531 | D:8      | Reached skill level 9 in Maces & Flails
  6531 | D:8      | Reached XP level 10. HP: 61/61 MP: 10/10
  6627 | D:8      | Reached *** piety under Okawaru
  6698 | D:8      | Noticed Erica
  6720 | D:8      | Killed Erica
  6823 | D:8      | Gained mutation: You are agile. (Dex +2) [mutagenic meat]
  6826 | D:8      | Gained mutation: Potions and wands are less effective at restoring your health. [mutagenic meat]
  6829 | D:8      | Gained mutation: Scrolls take you a little longer to read. [mutagenic meat]
  6832 | D:8      | Gained mutation: You are covered in fur. (AC +1) [mutagenic meat]
  7312 | D:9      | Found a bloodstained altar of Trog.
  7315 | D:9      | Noticed a wizard
  7320 | D:9      | Killed a wizard
  7342 | D:9      | Found a white marble altar of Elyvilon.
  7344 | D:9      | Found a hazy altar of Hepliaklqana.
  7509 | D:9      | Reached **** piety under Okawaru
  7509 | D:9      | Reached skill level 5 in Dodging
  8025 | D:9      | Noticed Psyche
  8036 | D:9      | Killed Psyche
  8325 | D:10     | Entered Level 10 of the Dungeon
  8328 | D:10     | Found an ancient bone altar of Kikubaaqudgha.
  8363 | D:10     | Reached XP level 11. HP: 62/68 MP: 11/11
  8386 | D:10     | Found a staircase to the Lair.
  8508 | D:10     | Noticed a hill giant
  8517 | D:10     | Killed a hill giant
  8786 | D:10     | Found a staircase to the Orcish Mines.
  8817 | D:10     | Reached ***** piety under Okawaru
  8817 | D:10     | Reached skill level 10 in Maces & Flails
  8824 | D:10     | Found a sacrificial altar of Ru.
  8830 | D:10     | Found Zuchiong's General Store.
  8838 | D:10     | Bought a +0 cloak for 67 gold pieces
  8943 | D:10     | Received a gift from Okawaru
  9184 | D:11     | Found Vuilaunk's Gadget Boutique.
  9203 | D:11     | Found a frozen archway.
  9298 | IceCv    | Entered an ice cave
  9897 | IceCv    | Received a gift from Okawaru
 10118 | IceCv    | Reached XP level 12. HP: 27/77 MP: 12/12
 10669 | IceCv    | Noticed a death yak
 10734 | IceCv    | Killed a death yak
 10734 | IceCv    | Reached skill level 10 in Fighting
 11021 | IceCv    | Reached skill level 11 in Maces & Flails
 11037 | IceCv    | Noticed a frost giant
 11044 | IceCv    | Killed from afar by a frost giant

Vault maps used:
D:1:      elethiomel_arrival_fortress_basement, serial_forest,
          infiniplex_forest_lined_ring, infiniplex_forest_end_2,
          infiniplex_forest_clump_C, infiniplex_forest_lined_room_2,
          infiniplex_forest_clump_double, infiniplex_forest_end_1,
          infiniplex_forest_lined_4_way, infiniplex_forest_clump_small,
          infiniplex_forest_lined_room_3
D:2:      lemuel_doored_altar, uniq_robin, uniq_sigmund, uniq_natasha
D:3:      makhleb_blood_cavern_becter, corner_web_ring
D:4:      serial_undead, serial_undead_d, serial_undead_e, serial_undead_d,
          serial_undead_a, first_bread, uniq_purgy
D:5:      grunt_gozag_breadcrumbs, zin_treasury, marbit_many_paths
D:6:      grunt_temple_overflow_growth_and_decay, vehumet_crystals,
          minivault_10, dk_yredelemnul_ordeal, uniq_eustachio
D:7:      nicolae_tso_besieged_by_evil, kennysheep_mini_moat, uniq_menkaure
D:8:      grunt_pizzeria, nrook_mini_backslash, wad_mini_maze, uniq_erica
D:9:      minitemple, special_room, trog_wizard, uniq_psyche
D:10:     lair_0_dummy, orc_0_dummy, special_room, serial_shops, shop,
          basic_altar, hangedman_ru_absence
D:11:     serial_shops, shop_scrolls, nicolae_shop_waterfront, shop,
          nicolae_shop_stone, nicolae_shop_crystal, portal_ice_cave_entry_imps,
          worms_lemuel
Temple:   nicolae_temple_figure_zero
IceCv:    ice_cave_caverns_01

Skill      XL: |  1  2  3  4  5  6  7  8  9 10 11 12 |
---------------+-------------------------------------+-----
Maces & Flails | 3 4 5 6 7 8 9 10 11 | 11.0
Dodging        | 1 3 4 5 6 7 |  7.0
Armour         | 4 5 6 7 9 |  9.9
Fighting       | 4 5 6 8 9 10 | 10.3
Shields        | 4 5 6 7 9 |  9.7

Action                   |  1- 3 |  4- 6 |  7- 9 | 10-12 || total
-------------------------+-------+-------+-------+-------++-------
Melee: Flail             |   139 |   337 |   379 |   799 ||  1654
Invok: Heroism           |       |       |       |     5 ||     5
Evoke: Wand              |       |       |       |    11 ||    11
  Use: Scroll            |       |       |    14 |     6 ||    20
  Eat: Chunk             |       |    10 |     5 |    19 ||    34
       Bread ration      |       |       |     1 |       ||     1
       Fruit             |       |       |       |     1 ||     1
Armor: Scale mail        |    89 |   152 |   209 |   293 ||   743
Dodge: Dodged            |    59 |   107 |   135 |   328 ||   629
Block: Shield            |    98 |   172 |   262 |   651 ||  1183
       Reflection        |       |       |     6 |     5 ||    11
